Map: Port Aleksander LE

Players

Yocto - Winner!

  • Race: Zerg Zerg
  • Spawn Location: 5:00

Terran

  • Race: Terran Terran
  • League: Silver
  • Spawn Location: 11:00

VOD

Have the link to the VOD?

Description

Time

  • Played on: Dec. 14, 2018, 8:37 a.m.
  • Length: 16:40
Show
View Real Time Build Order
Export as new Build Order

Yocto Zerg - Winner!

Build Orders: Hatch First 

Get SALT Encoding   

  12  0:02  Drone  
  13  0:19  Overlord, Drone  
  14  0:24  Extractor  
  14  0:26  Drone  
  15  0:40  Drone  
  15  0:42  Drone  
  17  1:02  Hatchery  
  17  1:03  Drone  
  17  1:06  Drone  
  17  1:09  Extractor  
  17  1:26  Spawning Pool  
  17  1:29  Drone  
  17  1:33  Drone  
  19  1:40  Drone  
  19  1:53  Overlord  
  19  1:57  Drone  
  20  2:10  Drone  
  21  2:19  Queen  
  21  2:20  Queen  
  25  2:23  Zergling x2  
  25  2:25  Drone  
  25  2:28  Drone  
  28  2:34  Metabolic Boost  
  28  2:42  Drone x3  
  31  2:56  Drone  
  31  2:57  Drone  
  32  3:00  Queen  
  32  3:03  Queen  
  36  3:09  Overlord  
  36  3:20  Baneling Nest, Drone  
  36  3:23  Overlord  
  36  3:38  Zergling x4  
  36  3:39  Zergling x10  
  36  3:40  Zergling x2  
  44  3:50  Overlord  
  44  3:53  Zergling x4  
  46  3:58  Lair  
  46  4:04  Spore Crawler  
  46  4:06  Spore Crawler  
  44  4:28  Drone x5  
  49  4:36  Overlord  
  49  4:40  Overlord  
  49  4:45  Hatchery  
  48  4:53  Extractor  
  48  4:54  Extractor  
  46  5:06  Drone  
  46  5:07  Drone x7  
  49  5:08  Drone x3  
  57  5:21  Overlord  
  57  5:27  Baneling x4  
  57  5:28  Baneling x7  
  57  5:29  Baneling  
  57  5:32  Zergling x6  
  60  5:50  Drone x5  
  60  5:51  Drone  
  60  5:55  Centrifical Hooks  
  66  5:57  Hydralisk Den  
  65  6:11  Drone x2  
  67  6:16  Hatchery  
  66  6:25  Overlord x3  
  66  6:32  Overlord x2  
  66  6:36  Muscular Augments  
  66  6:40  Evolution Chamber  
  66  6:41  Queen, Extractor  
  66  6:55  Hydralisk  
  66  6:56  Hydralisk x5  
  78  7:07  Drone x2  
  78  7:08  Drone  
  81  7:12  Overseer  
  81  7:14  Zergling x12  
  81  7:15  Zergling x2  
  88  7:28  Baneling x2  
  88  7:29  Baneling x4  
  88  7:32  Zergling x10  
  88  7:36  Baneling x4  
  93  7:50  Zergling x12  
  99  7:51  Baneling  
  99  7:52  Baneling x7  
  96  8:24  Drone x6  
  96  8:25  Drone x3  
  105  8:38  Infestation Pit  
  104  8:46  Pneumatized Carapace  
  104  8:51  Zerg Melee Weapons Level 1  
  104  8:54  Evolution Chamber, Drone x4  
  107  9:04  Zergling x4  
  107  9:05  Zergling x6  
  107  9:06  Overlord x5  
  107  9:07  Overlord x2  
  112  9:13  Overlord x2  
  102  9:50  Zergling x12  
  102  9:51  Zergling x14  
  102  9:52  Zergling x4  
  101  10:02  Zergling x6  
  104  10:17  Grooved Spines  
  104  10:29  Hive  
  104  10:37  Hatchery  
  104  10:41  Zergling x2  
  104  10:42  Zergling x22  
  114  10:45  Zerg Ground Armor Level 1  
  114  10:50  Baneling x5  
  114  11:14  Zergling x8  
  114  11:15  Zergling x16  
  114  11:16  Zergling x2  
  127  11:22  Spire  
  126  11:43  Baneling x8  
  126  11:49  Drone x2  
  126  11:50  Drone x8  
  126  11:51  Drone x3  
  126  11:52  Queen  
  141  12:05  Extractor x2  
  138  12:40  Extractor  
  138  12:41  Extractor  
  136  12:46  Greater Spire, Corruptor x5  
  136  12:47  Corruptor x5  
  156  12:53  Hatchery  
  155  13:09  Corruptor x7  
  155  13:10  Corruptor x2  
  173  13:26  Overlord  
  173  13:49  Adrenal Glands  
  173  13:53  Overlord x2  
  173  14:13  Brood Lord x4  
  181  14:17  Zergling x10  
  181  14:18  Zergling x14  
  181  14:19  Zergling x12  
  199  14:25  Baneling x2  
  198  15:04  Brood Lord x2  
  162  15:58  Zergling x16  
  162  15:59  Zergling x38  
  162  16:00  Zergling x18  
  142  16:16  Zergling x4  
  142  16:17  Zergling x24  
Show
View Real Time Build Order
Export as new Build Order

Terran Terran 

Build Orders: Reaper Expand 

Get SALT Encoding   

  12  0:01  SCV  
  13  0:17  Supply Depot  
  13  0:19  SCV  
  14  0:31  SCV  
  15  0:40  Barracks  
  15  0:43  SCV  
  16  0:51  Refinery  
  16  1:04  SCV  
  18  1:28  Supply Depot, Orbital Command  
  17  1:39  Reaper  
  18  1:55  SCV  
  19  2:01  Command Center  
  19  2:07  SCV  
  20  2:22  Barracks Reactor, Bunker  
  20  2:27  SCV  
  21  2:35  Barracks  
  21  2:39  SCV  
  22  2:51  SCV  
  23  3:08  SCV  
  23  3:09  Refinery  
  23  3:10  Marine x2  
  26  3:18  Supply Depot  
  26  3:22  Orbital Command  
  26  3:24  SCV  
  27  3:27  Barracks Tech Lab  
  27  3:31  Marine x2  
  29  3:34  Factory  
  29  3:36  SCV  
  29  3:40  Supply Depot  
  30  3:46  Orbital Command  
  30  3:47  Marine  
  30  3:48  SCV, Stimpack  
  32  4:09  SCV  
  33  4:14  SCV  
  34  4:22  SCV  
  35  4:24  Marine x2, Supply Depot  
  35  4:25  Marine  
  35  4:26  SCV  
  39  4:37  SCV  
  41  4:38  SCV  
  41  4:46  Supply Depot  
  41  4:49  Factory Reactor, SCV  
  41  4:50  SCV  
  43  4:55  Starport  
  43  4:58  Barracks  
  43  5:01  SCV  
  43  5:02  SCV  
  45  5:10  Supply Depot  
  44  5:16  Marine x2  
  44  5:17  Marauder  
  48  5:34  Widow Mine x2  
  52  5:36  Starport Reactor  
  52  5:48  Refinery x2  
  52  5:49  Combat Shield, SCV x2  
  54  5:56  Widow Mine x2  
  58  5:58  Command Center  
  58  5:59  Barracks Reactor  
  58  6:01  SCV x2  
  60  6:11  Marine x2  
  61  6:12  Marauder  
  61  6:13  SCV x2, Medivac x2  
  70  6:25  SCV x2  
  72  6:36  Widow Mine x2  
  76  6:41  Marine x5  
  76  6:43  Medivac x2  
  85  6:49  Engineering Bay  
  85  6:57  Supply Depot  
  85  6:58  Supply Depot  
  85  7:01  Engineering Bay  
  85  7:10  Marauder  
  85  7:15  Medivac x2  
  91  7:16  Marine x2  
  91  7:17  Marine x2  
  95  7:28  Barracks, Orbital Command  
  95  7:30  Barracks  
  95  7:31  Terran Infantry Weapons Level 1  
  95  7:39  Armory  
  87  8:26  Marine  
  87  8:27  Marine x3  
  88  8:28  Marauder  
  88  8:31  Barracks Reactor  
  88  8:32  Concussive Shells, Barracks Reactor  
  93  8:37  Supply Depot, Terran Infantry Armor Level 1  
  93  8:39  Supply Depot  
  93  8:41  Orbital Command  
  93  8:58  Command Center  
  93  9:00  SCV  
  94  9:07  Refinery  
  94  9:11  Marine x6  
  94  9:12  Marine x2, SCV  
  94  9:13  Marauder  
  94  9:16  Medivac x2  
  109  9:24  SCV  
  101  9:39  Factory Tech Lab  
  66  10:02  Liberator x2  
  66  10:06  Marine x2  
  66  10:07  Marine x4  
  67  10:09  Marauder  
  67  10:10  Marine x2  
  67  10:12  Thor  
  87  10:24  Marine  
  88  10:29  Command Center  
  88  10:41  Marine x2  
  88  10:42  Marine x4  
  94  10:43  Marine x2  
  94  10:44  Marauder  
  98  10:55  Liberator, Thor  
  98  10:56  Command Center  
  104  11:01  Terran Infantry Armor Level 2  
  107  11:34  SCV  
  107  11:37  SCV  
  109  11:41  Thor  
  109  11:46  SCV  
  116  11:49  SCV  
  116  11:54  Orbital Command  
  117  11:58  SCV  
  118  12:01  SCV  
  118  12:05  Marine  
  118  12:06  Marine x5  
  118  12:07  Marine x2  
  129  12:08  Marauder  
  129  12:09  Orbital Command  
  129  12:13  SCV  
  130  12:24  Liberator x2  
  130  12:25  SCV  
  130  12:29  Orbital Command  
  131  12:43  Thor  
  143  12:44  Marine x4  
  143  12:45  Marine  
  143  12:50  Terran Infantry Weapons Level 2  
  148  12:52  Marine x3, Marauder  
  153  13:01  SCV x4  
  157  13:11  Marine x5  
  157  13:12  Marine x2  
  163  13:13  Marine, SCV x3  
  163  13:14  Marauder  
  163  13:19  Refinery  
  170  13:25  SCV  
  171  13:30  Sensor Tower  
  171  13:35  Sensor Tower  
  171  13:38  SCV  
  172  13:50  Command Center  
  172  14:21  Supply Depot  
  172  14:22  Terran Vehicle And Ship Armor Level 1  
  172  14:23  Supply Depot  
  172  14:31  Marine x5, Marauder  
  179  14:46  Widow Mine  
  179  14:47  Marine  
  179  14:48  Marine x2  
  184  14:53  Marauder  
  184  15:07  Widow Mine  
  186  15:14  Marauder  
  186  15:19  Marine x2  
  186  15:20  Marine x6  
  196  15:28  Widow Mine  
  198  15:36  Marauder  
  198  15:50  Widow Mine  
  159  15:57  Marauder  
  159  15:58  Marine  
  159  15:59  Marine x3  
  159  16:00  Marine  
  159  16:02  Marine  
  159  16:03  Marine x2  
  135  16:05  Medivac  
  135  16:06  Medivac  
  115  16:16  Marine x2  
  115  16:17  Marine x3  
  120  16:18  Marauder  
  120  16:20  Marine x2  
  120  16:21  Marine  
Tags
 
Add a new tag
Caveats
  • Supply blocks, unpowered buildings, or Contaminate may cause inaccurate times.
  • Supply counts are checked every 10 seconds.